Map: Interloper LE

Players

Yata

  • Race: Zerg Zerg
  • League: Platinum
  • Spawn Location: 11:00

SHreddedWInd - Winner!

  • Race: Protoss Protoss
  • League: Diamond
  • Spawn Location: 5:00

VOD

Have the link to the VOD?

Description

Time

  • Played on: Sept. 23, 2017, 9:31 p.m.
  • Length: 11:24
Show
View Real Time Build Order
Export as new Build Order

Yata Zerg 

Build Orders: Hatch First 

Get SALT Encoding   

  12  0:01  Drone  
  13  0:12  Overlord  
  13  0:19  Drone  
  14  0:31  Drone x2  
  14  0:34  Drone  
  17  0:54  Hatchery  
  17  0:57  Drone  
  17  1:00  Drone  
  18  1:11  Extractor  
  17  1:19  Spawning Pool  
  17  1:21  Drone  
  17  1:22  Drone  
  18  1:28  Drone  
  19  1:40  Overlord  
  19  1:51  Drone  
  20  2:07  Queen  
  20  2:08  Zergling x4  
  24  2:11  Queen  
  24  2:14  Metabolic Boost  
  26  2:17  Drone  
  26  2:21  Evolution Chamber  
  26  2:33  Drone  
  27  2:37  Baneling Nest  
  27  2:42  Drone x4  
  30  3:00  Zergling x4  
  32  3:06  Drone x3  
  35  3:13  Overlord  
  35  3:23  Baneling x4  
  35  3:29  Drone  
  35  3:31  Drone x2  
  35  3:32  Drone x3  
  41  3:41  Queen  
  41  3:43  Drone  
  41  3:44  Overlord  
  44  3:51  Extractor, Drone  
  45  4:02  Drone  
  45  4:03  Drone x2  
  45  4:05  Drone  
  48  4:22  Hatchery  
  46  4:37  Zergling x2  
  46  4:38  Zergling x12  
  51  4:41  Zerg Melee Weapons Level 1  
  52  4:56  Lair  
  52  5:00  Baneling x4  
  52  5:05  Overlord  
  52  5:06  Overlord x2  
  52  5:19  Evolution Chamber  
  51  5:23  Queen  
  53  5:28  Drone x2  
  53  5:29  Drone x8  
  63  5:39  Queen  
  65  5:43  Drone  
  66  5:52  Spore Crawler  
  66  5:53  Spore Crawler  
  66  5:55  Spore Crawler  
  63  5:59  Zerg Ground Armor Level 1  
  63  6:05  Hydralisk Den  
  63  6:06  Zergling x10  
  63  6:07  Zergling x2  
  68  6:22  Spore Crawler  
  67  6:30  Spore Crawler  
  67  6:31  Spore Crawler  
  65  6:37  Baneling  
  65  6:40  Baneling  
  65  6:41  Muscular Augments  
  65  6:42  Hydralisk x3  
  71  6:48  Queen  
  73  6:56  Drone x9  
  73  6:58  Overlord  
  73  6:59  Overlord x3  
  82  7:08  Zerg Missile Weapons Level 1  
  82  7:14  Extractor, Drone  
  82  7:16  Queen  
  82  7:17  Drone  
  82  7:18  Drone  
  82  7:19  Drone x2  
  82  7:20  Drone x3  
  91  7:24  Queen  
  91  7:27  Extractor  
  91  7:29  Drone  
  94  7:30  Drone x3  
  94  7:31  Extractor, Drone x2  
  97  7:38  Hydralisk x2  
  101  7:49  Hatchery  
  97  8:00  Queen x2  
  99  8:09  Hydralisk x4  
  99  8:10  Hydralisk x3  
  113  8:14  Zergling x2  
  113  8:16  Overlord x2  
  113  8:17  Overlord x2  
  114  8:34  Zergling x6  
  117  8:52  Hydralisk  
  117  8:53  Hydralisk x5  
  125  9:05  Zergling x2  
  125  9:06  Zergling x12  
  131  9:16  Zergling x16  
  127  9:22  Queen  
  108  9:35  Zergling x14  
  105  9:41  Zergling x2  
  105  9:42  Zergling x6  
  105  9:50  Zergling x6  
  105  9:52  Baneling x2  
  98  9:53  Baneling x4  
  98  9:55  Zergling x10  
  101  10:06  Zergling x12  
  103  10:17  Zergling x2  
  103  10:18  Zergling x4  
  106  10:45  Overlord x4  
  85  11:03  Zergling x2  
  85  11:04  Zergling x30  
Show
View Real Time Build Order
Export as new Build Order

SHreddedWInd Protoss - Winner!

Build Orders:  

Get SALT Encoding   

  12  0:01  Probe (Chrono Boost)  
  13  0:11  Probe (Chrono Boost)  
  14  0:22  Probe (Chrono Boost)  
  14  0:23  Pylon  
  15  0:41  Probe (Chrono Boost)  
  16  0:43  Gateway  
  16  0:48  Assimilator  
  16  0:52  Probe (Chrono Boost)  
  17  1:02  Probe (Chrono Boost)  
  18  1:13  Probe (Chrono Boost)  
  18  1:17  Pylon  
  19  1:23  Probe (Chrono Boost)  
  20  1:26  Assimilator  
  20  1:30  Cybernetics Core  
  20  1:36  Probe (Chrono Boost)  
  21  1:53  Nexus  
  21  2:00  Pylon  
  21  2:07  Warp Gate (Chrono Boost)  
  21  2:09  Sentry (Chrono Boost)  
  21  2:14  Probe  
  24  2:29  Mothership Core  
  28  2:50  Gateway  
  26  2:51  Gateway  
  26  2:56  Gateway  
  26  3:04  Probe  
  27  3:12  Gateway  
  27  3:14  Probe  
  27  3:15  Probe  
  29  3:28  Probe  
  29  3:30  Probe  
  31  3:40  Probe  
  32  3:45  Stargate  
  32  3:47  Gateway  
  32  3:52  Probe (Chrono Boost)  
  32  3:53  Probe (Chrono Boost)  
  34  3:59  Robotics Facility  
  34  4:06  Pylon  
  35  4:10  Probe (Chrono Boost)  
  35  4:11  Probe (Chrono Boost)  
  35  4:16  Stalker  
  38  4:25  Gateway  
  38  4:26  Probe (Chrono Boost)  
  29  4:43  Oracle  
  32  4:46  Probe (Chrono Boost)  
  32  4:48  Probe (Chrono Boost)  
  34  4:56  Immortal  
  34  4:58  Probe x2 (Chrono Boost)  
  40  5:02  Sentry  
  42  5:09  Probe x2 (Chrono Boost)  
  42  5:13  Stalker  
  46  5:16  Zealot  
  46  5:19  Probe (Chrono Boost)  
  49  5:28  Void Ray (Chrono Boost)  
  49  5:35  Observer  
  54  5:37  Probe x2  
  56  5:48  Probe  
  56  5:49  Probe  
  58  5:58  Probe  
  58  6:01  Adept, Probe  
  62  6:07  Pylon x2  
  62  6:08  Pylon  
  62  6:24  Probe  
  62  6:27  Probe  
  62  6:30  Zealot x2  
  62  6:31  Nexus  
  68  6:33  Pylon  
  68  6:36  Stalker  
  70  6:42  Immortal (Chrono Boost)  
  70  6:43  Probe  
  75  6:47  Sentry  
  77  6:57  Stalker  
  77  6:59  Zealot x2  
  77  7:01  Probe  
  83  7:03  Assimilator  
  83  7:05  Assimilator  
  84  7:11  Probe  
  84  7:14  Void Ray (Chrono Boost)  
  85  7:19  Zealot  
  91  7:29  Pylon  
  91  7:30  Pylon  
  91  7:33  Probe  
  92  7:43  Immortal (Chrono Boost)  
  96  7:45  Probe  
  96  7:47  Pylon  
  96  7:49  Zealot x2  
  101  7:57  Probe  
  102  8:07  Probe  
  102  8:09  Zealot x2  
  102  8:10  Zealot x3  
  113  8:17  Warp Prism (Chrono Boost)  
  115  8:36  Zealot x3  
  91  9:21  Zealot x5  
  91  9:22  Zealot x2  
  104  9:31  Void Ray  
  98  9:36  Immortal (Chrono Boost)  
  102  9:57  Stalker  
  102  9:58  Adept x5  
  102  9:59  Stalker  
  116  10:08  Void Ray  
  116  10:10  Immortal (Chrono Boost)  
  124  10:22  Sentry x3  
  124  10:23  Sentry  
  132  10:29  Pylon x2  
  132  10:32  Pylon  
  132  10:34  Pylon  
  132  10:36  Pylon  
  132  10:39  Pylon  
  132  10:48  Zealot x4  
  132  10:49  Zealot x3  
  110  11:13  Zealot x5  
  110  11:14  Zealot x2  
Tags
 
Matchup
PvZ
Replay Pack
Pack 1
Spawn Locations
Cross Positions
Add a new tag
Caveats
  • Supply blocks, unpowered buildings, or Contaminate may cause inaccurate times.
  • Supply counts are checked every 10 seconds.